AoeStats
← n13s

Baltic

510975660Analyzed
2v2 RM · 14h ago on Oct 3, 2026· 52m 44s· 4 players
Game mode
Random Map
Map size
Medium (4 player)
Population
200
Speed
Normal
Resources
Standard
Victory
Conquest
Starting age
Dark Age
Ending age
Imperial Age
RankedLock teamsTeams togetherTeam positionsShared explorationLock speedFull tech treeHidden civsTurbo modeCheats
Victory
Defeat
🇫🇮 Chinese · Finland
1290
+11
🇮🇪 Varangians · Ireland
1183
+16
🇪🇸 Saracens · Spain
1191
-14
🇳🇱 Aztecs · Netherlands
1158
-13
n13s
9:42 Feudal Age
7:58 Loom
10:32 Double-Bit Axe
17:26 Fletching
22:49 Castle Age
23:43 Medium Warships
23:43 Bodkin Arrow
23:47 Demolition Ship
28:35 Scale Barding Armor
30:06 Forging
32:16 Bloodlines
32:44 Husbandry
34:56 Iron Casting
34:52 Chain Barding Armor
35:45 Town Watch
35:56 Horse Collar
39:49 Wheelbarrow
41:43 Heavy Plow
45:47 Imperial Age
43:40 Hand Cart
45:29 Masonry
46:58 Conscription
47:43 Blast Furnace
46:58 Elite Mameluke
49:21 Plate Barding Armor
53:17 Chemistry
52:38 Ballistics
Richy
2:05 Loom
13:40 Feudal Age
14:16 Fishing Lines
16:20 Wheelbarrow
16:21 Forging
16:12 Scale Mail Armor
16:12 Double-Bit Axe
16:31 Fletching
16:42 Padded Archer Armor
21:34 Castle Age
22:55 Squires
22:40 Arson
22:17 Pikeman
26:31 Iron Casting
26:28 Horse Collar
34:37 Heavy Plow
35:16 Gambesons
41:32 Imperial Age
39:18 Hand Cart
38:49 Town Watch
39:04 Gold Mining
39:05 Stone Mining
40:58 Gold Shaft Mining
41:00 Leather Archer Armor
40:40 Bodkin Arrow
41:01 Chain Mail Armor
41:13 Elite Skirmisher
44:04 Bow Saw
45:51 Blast Furnace
45:21 Plate Mail Armor
45:03 Bracer
45:15 Onager
50:05 Conscription
50:32 Garland Wars
49:35 Elite Jaguar Warrior
49:51 Capped Ram
52:14 Conscription
Sean1407
7:50 Loom
12:31 Feudal Age
12:59 Fishing Lines
13:07 Double-Bit Axe
17:27 Castle Age
15:23 Fletching
18:31 Forging
19:25 Bodkin Arrow
19:45 Careening
20:28 Clinker Construction
23:14 Gillnets
24:05 Ballistics
25:32 Murder Holes
28:06 Wheelbarrow
27:49 Treadmill Crane
29:34 Hand Cart
34:04 Stone Mining
34:31 Masonry
43:09 Imperial Age
40:27 Town Watch
41:38 Town Patrol
41:50 Fortified Wall
41:48 Scale Barding Armor
42:15 Gold Mining
42:07 Horse Collar
43:04 Stone Shaft Mining
43:56 Iron Casting
44:05 Bow Saw
44:01 Bracer
44:24 Carvel Hull
46:20 Shipwright
45:47 Capped Ram
46:50 Conscription
47:54 Chemistry
47:26 Architecture
46:47 Gothikon
47:35 Caravan
48:53 Two-Man Saw
47:55 Heavy Plow
48:40 Siege Ram
49:25 Elite Jarl
50:53 Vendel Legacy
52:02 Guilds
52:26 Coinage
raaka-arska666
0:50 Loom
10:03 Feudal Age
11:42 Double-Bit Axe
15:59 Forging
21:39 Horse Collar
24:05 Castle Age
22:36 Fletching
24:37 Gold Mining
25:54 Medium Warships
26:44 Fishing Lines
27:59 Wheelbarrow
28:28 Bow Saw
30:36 Gillnets
32:44 Bodkin Arrow
32:59 Padded Archer Armor
33:40 Hand Cart
35:17 Leather Archer Armor
38:00 Imperial Age
36:05 Coinage
35:37 Caravan
35:55 Heavy Plow
36:00 Town Watch
38:48 Elite Chu Ko Nu
39:49 Conscription
40:15 Bracer
40:46 Ring Archer Armor
43:15 Chemistry
42:35 Ballistics
42:41 Town Patrol
42:44 Scale Mail Armor
43:19 Iron Casting
44:28 Two-Man Saw
43:57 Rocketry
44:31 Squires
44:59 Elite Fire Lancer
46:20 Great Wall
47:36 Bombard Tower
49:36 Chain Mail Armor
Connection lost

Rejoining the realm…

Still unreachable

The connection could not be restored.

Session expired

The server has moved on; the page needs a fresh start.